 Dungeon Crawl Stone Soup version 0.26.1-10-gdfb7c7de75 (webtiles) character file.

Game seed: 9184333247170347645

115 Gabide the Purveyor of Pain (level 4, -3/31 HPs)
             Began as a Mummy Necromancer on Apr 12, 2021.
             Was an Initiate of Kikubaaqudgha.
             Slain by an orc
             ... wielding a +0 flail
              (8 damage)
             ... on level 3 of the Dungeon.
             The game lasted 00:05:49 (2001 turns).

Gabide the Purveyor of Pain (Mummy Necromancer)     Turns: 2001, Time: 00:05:51

Health: -3/31      AC:  2    Str: 11    XL:     4   Next: 68%
Magic:  0/10       EV: 12    Int: 15    God:    Kikubaaqudgha [......]
Gold:   165        SH:  0    Dex: 12    Spells: 7/11 levels left

rFire    x . .     SeeInvis .   h - +1 spear (venom)
rCold    + . .     Faith    .   (no shield)
rNeg     + + +     Spirit   .   a - +0 robe
rPois    ∞         Reflect  .   (no helmet)
rElec    .         Harm     .   (no cloak)
rCorr    .         Rampage  .   (no gloves)
Will     .....                  (no boots)
Stlth    ++........             (no amulet)
HPRegen  0.10/turn              (no ring)
MPRegen  0.12/turn              (no ring)

@: no status effects
A: no potions, fire vulnerability, cold resistance 1, negative energy resistance
3, torment resistance, unbreathing
a: Renounce Religion


You were on level 3 of the Dungeon.
You worshipped Kikubaaqudgha.
Kikubaaqudgha was noncommittal.
You visited 1 branch of the dungeon, and saw 3 of its levels.

You collected 165 gold pieces.

Inventory:

Hand Weapons
 h - a +1 spear of venom (weapon)
Missiles
 f - a throwing net
Armour
 a - a +0 robe (worn)
Scrolls
 b - a scroll of enchant armour {unknown}
 c - 2 scrolls of identify {unknown}
 d - 2 scrolls of remove curse {unknown}
 e - a scroll of enchant weapon {unknown}
 g - a scroll of teleportation {unknown}
 i - a scroll of immolation {unknown}


   Skills:
 + Level 0.3 Fighting
 + Level 1.5 Dodging
 + Level 1.5 Stealth
 * Level 4.2 Spellcasting
 * Level 5.4 Necromancy


You had 7 spell levels left.
You knew the following spells:

 Your Spells              Type           Power        Failure   Level
a - Pain                  Necr           76%          1%          1
b - Vampiric Draining     Necr           9%           6%          3

Your spell library contained the following spells:

 Spells                   Type           Power        Failure   Level
 Animate Skeleton         Necr           38%          1%          1
 Animate Dead             Necr           9%           19%         4
 Agony                    Necr           19%          47%         5


Dungeon Overview and Level Annotations

Branches:
Dungeon (3/15)

Altars:
Kikubaaqudgha


Innate Abilities, Weirdness & Mutations

You do not drink.
Your flesh is vulnerable to fire.
You are immune to poison.
Your flesh is cold resistant. (rC+)
You are immune to negative energy. (rN+++)
You are immune to unholy pain and torment.
You can survive without breathing.


Message History

The orc hits you but does no damage.
You hit the orc.
The orc is poisoned.
The orc is moderately wounded.
The orc hits you with a +0 flail!
* * * LOW HITPOINT WARNING * * *
Casting: Pain (safe; 1% risk of failure)
Confirm with . or Enter, or press ? or * to list all spells.
Aiming: Vampiric Draining (dangerous; 6% risk of failure)
Press: ? - help, Shift-Dir - straight line, f/p - orc
Aim: an orc, wielding a +0 flail and wearing a +0 ring mail (moderately wounded, very poisoned)
The orc is severely wounded.
You feel life coursing into your body. The orc barely misses you.
Casting: Vampiric Draining (dangerous; 6% risk of failure)
Confirm with . or Enter, or press ? or * to list all spells.
Aiming: Pain (safe; 1% risk of failure)
Press: ? - help, Shift-Dir - straight line, f/p - orc
Aim: an orc, wielding a +0 flail and wearing a +0 ring mail (severely wounded, very poisoned, chance to affect: 89%)
The orc writhes in agony.
The orc hits you with a +0 flail!
You die...
Kikubaaqudgha rasps: "You have failed me!
Welcome... oblivion!"

.... .o.. ... .. #.##
. ..#
....##########.######
#.....@o....†......#
#..................#
##############.###.+
#.# #.## #..# ##.#
#.## ######## #..# .#


You could see an orc (very poisoned).

Vanquished Creatures
  An orc priest (D:3)
  3 adders (D:2)
  2 worms (D:2)
  3 dart slugs
  4 leopard geckos
  A ball python (D:1)
  A bat (D:1)
  2 giant cockroaches
  4 goblins
  4 hobgoblins
  10 kobolds
  2 quokkas
  3 frilled lizards
  3 rats
43 creatures vanquished.

Notes
Turn   | Place    | Note
-------+----------+-------------------------------------------
     0 | D:1      | Gabide the Mummy Necromancer began the quest for the Orb.
     0 | D:1      | Reached XP level 1. HP: 13/13 MP: 4/4
   173 | D:1      | Reached XP level 2. HP: 19/19 MP: 2/5
   914 | D:2      | Reached XP level 3. HP: 24/24 MP: 3/7
  1357 | D:2      | Learned a level 3 spell: Vampiric Draining
  1400 | D:2      | Reached skill level 5 in Necromancy
  1504 | D:2      | Reached XP level 4. HP: 31/31 MP: 4/9
  1882 | D:3      | Found an ancient bone altar of Kikubaaqudgha.
  1915 | D:3      | Became a worshipper of Kikubaaqudgha
  2001 | D:3      | Slain by an orc

Illustrated notes

Levels and vault maps discovered:
D:1:      psy_arrival_terrarium, layout_rooms
D:2:      layout_rooms
D:3:      layout_basic, kennysheep_another_room, amcnicky_altar_gilded

Skill      XL: |  1  2  3  4 |
---------------+-------------+-----
Spellcasting   | 3 4 |  4.2
Necromancy     | 5 |  5.4
Fighting       | |  0.3
Dodging        | |  1.5
Stealth        | |  1.5

Action                   |  1- 3 |  4- 6 || total
-------------------------+-------+-------++-------
Melee: Short sword       |     5 |       ||     5
       Whip              |     9 |       ||     9
       Spear             |     1 |     4 ||     5
 Cast: Pain              |    79 |    22 ||   101
       Vampiric Draining |       |     1 ||     1
Armor: Robe              |     2 |       ||     2
Dodge: Dodged            |    15 |     2 ||    17
